 Dungeon Crawl Stone Soup version 0.18.1-48-g4cf74bf (webtiles) character file.

20 mopl the Skirmisher (level 2, -1/16 HPs)
             Began as a Vine Stalker Wanderer on Aug 29, 2016.
             Slain by a gnoll
             ... wielding a +0 flail
              (7 damage)
             ... on level 1 of the Dungeon.
             The game lasted 00:01:46 (485 turns).

mopl the Skirmisher (Vine Stalker Wanderer)          Turns: 485, Time: 00:01:46

Health: -1/16      AC:  7    Str: 14    XL:     2   Next: 79%
Magic:  0/3        EV: 11    Int: 12    God:
Gold:   58         SH:  0    Dex: 13    Spells: 0 memorised, 1 level left

rFire  . . .     SeeInvis .     k - +1 mace (protect)
rCold  . . .     Gourm    .     d - +0 robe
rNeg   . . .     Faith    .     (no shield)
rPois  .         Spirit   +     (no helmet)
rElec  .         Dismiss  .     (no cloak)
rCorr  .         Reflect  .     (no gloves)
SustAt .         Harm     .     (no boots)
MR     .....                    (no amulet)
Stlth  ++........               (no ring)
                                (no ring)

@: not resistant to hostile enchantments, unstealthy
A: fangs 2, regeneration 1, magic shield, antimagic bite, no device heal 3, rot
immunity
a: no special abilities


You were on level 1 of the Dungeon.
You were not hungry.

You visited 1 branch of the dungeon, and saw 1 of its levels.

You collected 58 gold pieces.

Inventory:

Hand Weapons
 k - a +1 mace of protection (weapon)
 o - a +0 dagger
Missiles
 g - 49 stones (quivered)
 h - 7 javelins
Armour
 d - a +0 robe (worn)
Scrolls
 c - a scroll of teleportation
 j - 2 scrolls of blinking {unknown}
 l - a scroll of fog {unknown}
Potions
 e - a potion of cancellation {unknown}
 m - a potion of cure mutation {unknown}
 n - a potion of curing {unknown}
Books
 a - a book of Geomancy

   Spells                             Type                      Level
   a - Sandblast                      Earth                        1
   b - Passwall                       Transmutation/Earth          2
   c - Stone Arrow                    Conjuration/Earth            3
   d - Petrify                        Transmutation/Earth          4
   e - Lee's Rapid Deconstruction     Earth                        5
 b - the Compendium of the Escort

   Spells                             Type                      Level
   a - Summon Butterflies             Summoning                    1
   b - Summon Guardian Golem          Hexes/Summoning              3
Comestibles
 f - a bread ration
 i - a beef jerky


   Skills:
 + Level 2.4(1.2) Fighting
 + Level 0.0 Short Blades
 - Level 1.0(0.5) Maces & Flails
 + Level 1.0(0.5) Throwing
 - Level 1.5(0.7) Armour
 + Level 1.9(0.9) Stealth
   Level 1.0(0.5) Shields
   Level 1.0(0.5) Translocations
   Level 2.0(1.0) Earth Magic


You had one spell level left.
You didn't know any spells.

Dungeon Overview and Level Annotations

Branches:
Dungeon (1/15)

Altars:
Ashenzari


Innate Abilities, Weirdness & Mutations

You have extremely sharp teeth.
Your natural rate of healing is unusually fast.
When hurt, damage is shared between your health and your magic reserves.
Your bite disrupts and absorbs the magic of your enemies.
Potions and wands cannot restore your health.
You are immune to rotting.


Message History

You barely miss the gnoll.
The gnoll is heavily wounded.
The gnoll hits you with a flail.
You closely miss the gnoll.
The gnoll is heavily wounded.
The gnoll hits you but does no damage. The gnoll hits you with a flail!
You see here 15 arrows.
There is a stone staircase leading down here.
You hit the gnoll but do no damage. You bite the gnoll. You drain its power.
You feel invigorated.
The gnoll is heavily wounded.
The gnoll hits you with a flail!
You completely miss the gnoll.
The gnoll is heavily wounded.
The gnoll closely misses you.
You hit the gnoll but do no damage. You bite the gnoll, but do no damage.
The gnoll is heavily wounded.
The gnoll hits you with a flail!
You die...

### #### ..## ####
#... ...## #..# #.≈≈
....# ##..# #.≈# ....#
#...# #.≈≈ ....###
##..## #.≈≈
......############...#
##.≈≈
..............gg@..#.#
#..≈≈
....#...############.#
##..≈≈
....###........####..#
###...≈# ....#
########.##...##
##.)...≈≈ ...g#
#.##.### #..###.##
..#.# #.##.# #.## #.#
.##.# #.#).#
###.####.# ...(####
#.#.######........#
###....#
#.....)....#..#####


You could see a gnoll and a goblin.

Vanquished Creatures
  A giant cockroach (D:1)
  2 goblins (D:1)
  5 hobgoblins (D:1)
  2 kobolds (D:1)
  5 bats (D:1)
  A giant newt (D:1)
  3 rats (D:1)
19 creatures vanquished.

Notes
Turn   | Place    | Note
--------------------------------------------------------------
     0 | D:1      | mopl the Vine Stalker Wanderer began the quest for the Orb.
     0 | D:1      | mopl set off with: a book of Geomancy, the Compendium of the Escort, a scroll of teleportation, a +0 robe, a +0 club, a bread ration
     0 | D:1      | Reached XP level 1. HP: 11/11 MP: 2/2
     0 | D:1      | Identified the Compendium of the Escort
    45 | D:1      | Reached skill level 2 in Fighting
   120 | D:1      | Reached XP level 2. HP: 8/15 MP: 3/3
   170 | D:1      | Found a shattered altar of Ashenzari.
   178 | D:1      | Became a worshipper of Ashenzari the Shackled
   179 | D:1      | Fell from the grace of Ashenzari
   432 | D:1      | Reached skill level 1 in Throwing
   485 | D:1      | Slain by a gnoll

Skill      XL: |  1  2 |
---------------+-------+-----
Fighting       | 2 |  2.4
Throwing       | 1 |  1.0
Maces & Flails | |  1.0
Armour         | |  1.5
Stealth        | |  1.9
Shields        | |  1.0
Translocations | |  1.0
Earth Magic    | |  2.0

Action                   || total
-------------------------++-------
Melee: Club              ||    39
       Bite              ||    22
       Mace              ||    34
Invok: Renounce Religion ||     1
 Stab: Sleeping          ||     2
Armor: Robe              ||    31
Dodge: Dodged            ||    56
